 Dungeon Crawl Stone Soup version 0.31-a0-466-g98c9adc2b6 (webtiles) character file.

Game seed: 5565741977830755575

16 Ethylacetat the Insei (level 2, 0/16 HPs)
             Began as a Vine Stalker Monk on Aug 5, 2023.
             Succumbed to an orange demon's poison
             ... on level 1 of the Abyss.
             The game lasted 00:01:10 (646 turns).

Ethylacetat the Insei (Vine Stalker Monk)            Turns: 646, Time: 00:01:11

Health: 0/16       AC:  2    Str: 13    XL:     2   Next: 58%
Magic:  2/4        EV: 12    Int: 10    God:
Gold:   37         SH:  0    Dex: 16    Spells: 2/2 levels left

rFire   . .          .
                       - Unarmed
rCold   . . .        c - orb {light}
rNeg    . . .        a - +0 robe
rPois   .            (no helmet)
rElec   .            (no cloak)
rCorr   .            (no gloves)
SInv    .            (no boots)
Will    .....        (no amulet)
Stlth   +            (no ring)
HPRegen 0.22/turn    (no ring)
MPRegen 0.09/turn

%: guardian spirit
@: lethally poisoned (0 -> -8), glowing
A: fangs 2, magic shield, antimagic bite, no potion heal 2
a: no special abilities


You were on level 1 of the Abyss.
You visited 1 branch of the dungeon, and saw 1 of its levels.
You visited the Abyss 1 time.

You collected 37 gold pieces.

Inventory:

Armour
 a - a +0 robe (worn)
 c - an orb of light (worn)
Jewellery
 f - a ring of positive energy
Scrolls
 d - a scroll of amnesia {unknown}
 e - a scroll of teleportation {unknown}
 g - a scroll of fog {unknown}
 h - a scroll of revelation {unknown}
 i - a scroll of enchant armour {unknown}
 j - a scroll of blinking {unknown}
Potions
 b - a potion of ambrosia


   Skills:
 + Level 2.9 Fighting
 - Level 2.4 Dodging
 * Level 3.4 Unarmed Combat
 + Level 0.8 Spellcasting


You had 2 spell levels left.
You didn't know any spells.
Your spell library contained the following spells:

 Spells                   Type           Power      Damage    Failure   Level
 Freeze                   Ice            0%         1d3       34%         1
 Frozen Ramparts          Ice            0%         1d1       71%         3
 Hailstorm                Conj/Ice       0%         3d3       71%         3
 Summon Ice Beast         Ice/Summ       0%         N/A       98%         4
 Simulacrum               Ice/Necr       0%         N/A       100%        6


Dungeon Overview and Level Annotations

Branches:
Dungeon (1/15)

Altars:


Innate Abilities, Weirdness & Mutations

You have extremely sharp teeth.
When hurt, damage is shared between your health and your magic reserves.
Your bite disrupts and absorbs the magic of your enemies.
Potions cannot restore your health.


Message History

An endoplasm comes into view.
The endoplasm quivers.
An endoplasm is nearby!
The endoplasm freezes you.
You are frozen.
An endoplasm is nearby!
You hit the endoplasm but do no damage. You bite the endoplasm.
You drain its power.
The endoplasm is moderately wounded.
An endoplasm is nearby!
An endoplasm is nearby!
You completely miss the endoplasm. You bite the endoplasm. You drain its power.
The endoplasm is severely wounded.
The endoplasm hits you but does no damage.
An endoplasm is nearby!
You hit the endoplasm.
You kill the endoplasm!
A kobold comes into view.
It is wielding a +2 dagger of distortion.
The kobold shouts!
The kobold throws a stone.
The stone hits you.
You hit the kobold.
The kobold is heavily wounded.
The kobold barely misses you.
You hit the kobold.
The kobold is severely wounded.
The kobold hits you with a +2 dagger of distortion.
You are cast into the Abyss!
To return, you must find a gate leading back.
Killing monsters will force the Abyss to allow you passage.
This branch contains the abyssal rune of Zot.
An orange demon comes into view.
The orange demon screeches!
The orange demon stings you.
You are poisoned.
The orange demon poisons you! The orange demon hits you.
You feel very sick. The orange demon stings you from afar.
* * * LOW HITPOINT WARNING * * *
You feel very sick.
You die...

#.# ## #.###. . #
. ##.# ... #.#.
.#####..#.#.#. ..#
##...##.#.#.... .
..###...#.... ~.
#.#....##..#.#..#
~≈~##..#..#.#...
... ≈~~~...@.#
.#.#.. ##
♣~≈~~..#.##.#..###
~~~~~~.#.......#
~~≈~~~≈4#####..#
≈≈~~≈~~.. .#.#
~~~~~~~.## . ##
~~≈~≈~~~. ..
≈~~♣~≈~~~ .# ~~
~~~~~~~.


There were no monsters in sight!

Vanquished Creatures
  A dart slug (D:1)
  An endoplasm (D:1)
  A goblin (D:1)
  2 hobgoblins (D:1)
  2 kobolds (D:1)
  A quokka (D:1)
  A ball python (D:1)
  4 frilled lizards (D:1)
  A rat (D:1)
14 creatures vanquished.

Notes
Turn   | Place    | Note
-------+----------+-------------------------------------------
     0 | D:1      | Ethylacetat the Vine Stalker Monk began the quest for the
                  | Orb.
     0 | D:1      | Reached XP level 1. HP: 11/11 MP: 2/2
   241 | D:1      | Reached XP level 2. HP: 16/16 MP: 3/3
   594 | Abyss:1  | Cast into level 1 of the Abyss (kobold)
   642 | Abyss:1  | Noticed an orange demon
   646 | Abyss:1  | Succumbed to an orange demon's poison

Illustrated notes

Levels and vault maps discovered:
D:1:      scummos_arrival_hexagon, layout_loops_corners
Abyss:1:  base:
Temple

Action                     || total
---------------------------++-------
  Melee: Unarmed           ||    30
         Bite              ||     7
 Armour: Robe              ||     6
  Dodge: Dodged            ||    14

Table legend: (Time is in decaauts)
 A = Elapsed time spent in this place.
 B = Non-inter-level travel time spent in this place.
 C = Inter-level travel time spent in this place.
 D = Time resting spent in this place.
 E = Time spent auto-exploring this place.
 F = Levels seen in this place.
 G = Mean time per level.
                   A        B        C        D        E       F      G
               +--------+--------+--------+--------+--------+-----+--------+
         Total |    643 |    643 |      0 |      0 |    505 |   2 |  321.5 |
       Dungeon |    591 |    591 |      0 |      0 |    505 |   1 |  591.0 |
         Abyss |     51 |     51 |      0 |      0 |      0 |   1 |   51.0 |
               +--------+--------+--------+--------+--------+-----+--------+

Top non-repeatable levels by time:
     D:1: 591 daAuts
 Abyss:1: 51 daAuts
